 Dungeon Crawl Stone Soup version 0.31-a0-152-g6aa68a64a1 (webtiles) character file.

Game seed: 13969050601470208547

151 qw the Shooter (level 5, -10/49 HPs)
             Began as a Naga Hunter on June 9, 2023.
             Mangled by a wyvern (15 damage)
             ... on level 4 of the Dungeon.
             The game lasted 00:00:55 (2656 turns).

qw the Shooter (Naga Hunter)                        Turns: 2656, Time: 00:00:55

Health: -10/49     AC:  4    Str: 13    XL:     5   Next: 33%
Magic:  5/5        EV: 14    Int: 10    God:
Gold:   98         SH:  0    Dex: 16    Spells: 4/4 levels left

rFire   . . .        Y - +0 shortbow
rCold   . . .        (shield currently unavailable)
rNeg    . . .        c - +0 leather armour
rPois   +            (no helmet)
rElec   .            (no cloak)
rCorr   .            e - +0 pair of gloves
SInv    +            (no barding)
Will    .....        (no amulet)
Stlth   ++           j - +5 ring of evasion
HPRegen 0.28/turn    (no ring)
MPRegen 0.09/turn

%: no passive effects
@: short of breath, very slow
A: AC +1, large, see invisible, deformed body, poison resistance, slowness 2,
spit poison 1, naga tail 1
a: Spit Poison


You were on level 4 of the Dungeon.
You visited 1 branch of the dungeon, and saw 4 of its levels.

You collected 98 gold pieces.


Innate Abilities, Weirdness & Mutations

Your serpentine skin is tough. (AC +1)
You have supernaturally acute eyesight. (SInv)
Armour fits poorly on your strangely shaped body.
Your system is resistant to poisons. (rPois)
You cover ground very slowly.
You can spit poison.
You have a snake-like lower body.


   Skills:
 - Level 3.0 Fighting
 + Level 5.5 Ranged Weapons
 - Level 1.5 Dodging
 - Level 1.5 Stealth


You had 4 spell levels left.
You didn't know any spells.
Your spell library was empty.

Inventory:

Hand Weapons
 Y - a +0 shortbow (weapon)
Armour
 c - a +0 leather armour (worn)
 e - a +0 pair of gloves (worn)
Jewellery
 j - a +5 ring of evasion (left hand)
Potions
 a - a potion of magic {unknown}
 b - a potion of resistance {unknown}
 d - a potion of lignification {unknown}
 f - a potion of degeneration {unknown}
 g - a potion of might {unknown}
 h - a potion of curing
 i - a potion of berserk rage {unknown}

Dungeon Overview and Level Annotations

Branches:
Dungeon (4/15)
 Temple: D:4-7

Altars:
Ashenzari
Makhleb
Yredelemnul

Shops:
D:1 (


Message History

You have got your breath back.
The wyvern bites you!
2649 ||| INVOKING Spit Poison.
Aiming: Spit Poison (1% risk of failure)
Press: ? - help, Shift-Dir - straight line, f/p - wyvern The splash of poison hits the wyvern but does no damage.
The wyvern is moderately wounded.
The wyvern bites you but does no damage.
The wyvern barely misses you.
You shoot an arrow. The arrow closely misses the wyvern.
The wyvern bites you.
You shoot an arrow.
The arrow hits the wyvern but does no damage.
The wyvern is moderately wounded.
The wyvern bites you! The wyvern bites you.
You shoot an arrow.
The arrow hits the wyvern but does no damage.
The wyvern is moderately wounded.
The wyvern bites you.
The wyvern bites you but does no damage.
You shoot an arrow. The arrow barely misses the wyvern.
The wyvern barely misses you.
You shoot an arrow.
The arrow hits the wyvern but does no damage.
The wyvern is moderately wounded.
You hear the slow rusting of a distant drain.
You have got your breath back.
The wyvern looks more healthy.
The wyvern bites you but does no damage.
The wyvern bites you!
2655 ||| INVOKING Spit Poison.
Aiming: Spit Poison (1% risk of failure)
Press: ? - help, Shift-Dir - straight line, f/p - wyvern The splash of poison hits the wyvern.
The wyvern is poisoned.
The wyvern is heavily wounded.
The wyvern completely misses you. The wyvern misses you.
You shoot an arrow. The arrow hits the wyvern.
The wyvern is heavily wounded.
The wyvern bites you!
You die...

..### .. .... ... #.. ...#
### ....# # ...## .#.
#...####.... #.l........
#@..# ##.### .### #..#
....##### 7 ####.##
##........#. 777.#.#..#
#........... 7PP.....##
##.......)... .PP.....##
#............
7.P.#...>#####..........)#


777 #....................# You could see a wyvern (poisoned).

Vanquished Creatures
  Jessica (D:3)
  A gnoll (D:1)
  3 adders (D:2)
  3 dart slugs
  4 orcs (D:3)
  9 ball pythons
  7 bats
  6 endoplasms
  6 giant cockroaches
  5 hobgoblins
  6 jackals (D:2)
  2 quokkas
  2 frilled lizards
  6 goblins
  3 kobolds
  8 rats
72 creatures vanquished.

Notes
Turn   | Place    | Note
-------+----------+-------------------------------------------
     0 | D:1      | qw the Naga Hunter began the quest for the Orb.
     0 | D:1      | Reached XP level 1. HP: 19/19 MP: 1/1
     0 | D:1      | 0 ||| qw: Version: 0.2-a-122-gbc61b45
     0 | D:1      | 0 ||| qw: Game counter: 3448
     0 | D:1      | 0 ||| qw: Always use a shield: true
     0 | D:1      | 0 ||| qw: God list: Okawaru
     0 | D:1      | 0 ||| qw: Allow faded altars: false
     0 | D:1      | 0 ||| qw: Do Orc after D:15 true
     0 | D:1      | 0 ||| qw: Do second Lair branch before Depths: true
     0 | D:1      | 0 ||| qw: Lair rune preference: random
     0 | D:1      | 0 ||| qw: Plans: Normal
     0 | D:1      | 0 ||| PLANNING D:1-11
    50 | D:1      | 50 ||| INVOKING Spit Poison.
    86 | D:1      | 86 ||| INVOKING Spit Poison.
    96 | D:1      | 96 ||| INVOKING Spit Poison.
   107 | D:1      | 107 ||| INVOKING Spit Poison.
   115 | D:1      | 115 ||| INVOKING Spit Poison.
   116 | D:1      | Reached skill level 4 in Ranged Weapons
   116 | D:1      | Reached XP level 2. HP: 26/26 MP: 2/2
   154 | D:1      | 154 ||| INVOKING Spit Poison.
   176 | D:1      | 176 ||| INVOKING Spit Poison.
   204 | D:1      | 204 ||| INVOKING Spit Poison.
   209 | D:1      | 209 ||| INVOKING Spit Poison.
   236 | D:1      | 236 ||| INVOKING Spit Poison.
   248 | D:1      | 248 ||| INVOKING Spit Poison.
   286 | D:1      | 286 ||| INVOKING Spit Poison.
   295 | D:1      | 295 ||| INVOKING Spit Poison.
   300 | D:1      | 300 ||| INVOKING Spit Poison.
   304 | D:1      | 304 ||| INVOKING Spit Poison.
   366 | D:1      | 366 ||| INVOKING Spit Poison.
   374 | D:1      | 374 ||| INVOKING Spit Poison.
   378 | D:1      | Reached XP level 3. HP: 32/32 MP: 3/3
   381 | D:1      | 381 ||| INVOKING Spit Poison.
   428 | D:1      | 428 ||| INVOKING Spit Poison.
   522 | D:1      | Found Obleucw's Antique Weapon Emporium.
   568 | D:1      | 568 ||| INVOKING Spit Poison.
   573 | D:1      | 573 ||| INVOKING Spit Poison.
   640 | D:1      | 640 ||| INVOKING Spit Poison.
   653 | D:1      | 653 ||| INVOKING Spit Poison.
   748 | D:1      | 748 ||| INVOKING Spit Poison.
   799 | D:1      | Found a faded altar of an unknown god.
   876 | D:1      | 876 ||| UPGRADING to +5 ring of evasion.
   877 | D:1      | 877 ||| READING scroll labelled VORIM SACYACS.
   878 | D:1      | 878 ||| READING scroll labelled PABBAISK DYGU.
   883 | D:1      | 883 ||| DRINKING 2 pink potions.
   884 | D:1      | 884 ||| DROPPING scroll of butterflies.
   885 | D:1      | 885 ||| DROPPING potion of brilliance.
   952 | D:2      | 952 ||| Stepping ~*~*~tactically~*~*~ (outnumbered).
   954 | D:2      | 954 ||| INVOKING Spit Poison.
   959 | D:2      | 959 ||| INVOKING Spit Poison.
   962 | D:2      | 962 ||| INVOKING Spit Poison.
   966 | D:2      | 966 ||| INVOKING Spit Poison.
   969 | D:2      | Reached skill level 5 in Ranged Weapons
   969 | D:2      | Reached XP level 4. HP: 24/39 MP: 4/4
   970 | D:2      | 970 ||| INVOKING Spit Poison.
   977 | D:2      | 977 ||| INVOKING Spit Poison.
  1088 | D:2      | 1088 ||| INVOKING Spit Poison.
  1092 | D:2      | 1092 ||| INVOKING Spit Poison.
  1113 | D:2      | 1113 ||| INVOKING Spit Poison.
  1118 | D:2      | 1118 ||| INVOKING Spit Poison.
  1125 | D:2      | 1125 ||| INVOKING Spit Poison.
  1155 | D:2      | 1155 ||| INVOKING Spit Poison.
  1159 | D:2      | 1159 ||| INVOKING Spit Poison.
  1165 | D:2      | 1165 ||| INVOKING Spit Poison.
  1249 | D:2      | 1249 ||| INVOKING Spit Poison.
  1254 | D:2      | 1254 ||| INVOKING Spit Poison.
  1262 | D:2      | 1262 ||| INVOKING Spit Poison.
  1295 | D:2      | Found a broken altar of Ashenzari.
  1498 | D:2      | 1498 ||| INVOKING Spit Poison.
  1550 | D:2      | 1550 ||| READING scroll labelled TAOGYBY RUTIFO.
  1551 | D:2      | 1551 ||| DRINKING 2 cyan potions.
  1552 | D:2      | 1552 ||| DROPPING potion of attraction.
  1589 | D:3      | 1589 ||| INVOKING Spit Poison.
  1604 | D:3      | 1604 ||| INVOKING Spit Poison.
  1665 | D:3      | 1665 ||| INVOKING Spit Poison.
  1675 | D:3      | 1675 ||| INVOKING Spit Poison.
  1676 | D:3      | Reached skill level 3 in Fighting
  1730 | D:3      | Noticed Jessica
  1732 | D:3      | Killed Jessica
  1733 | D:3      | Reached XP level 5. HP: 49/49 MP: 5/5
  1783 | D:3      | 1783 ||| INVOKING Spit Poison.
  1814 | D:3      | 1814 ||| INVOKING Spit Poison.
  1820 | D:3      | 1820 ||| INVOKING Spit Poison.
  1871 | D:3      | 1871 ||| INVOKING Spit Poison.
  1876 | D:3      | 1876 ||| INVOKING Spit Poison.
  2058 | D:3      | Found a basalt altar of Yredelemnul.
  2058 | D:3      | Found a burning altar of Makhleb.
  2212 | D:3      | 2212 ||| INVOKING Spit Poison.
  2436 | D:3      | 2436 ||| UPGRADING to +0 pair of gloves.
  2441 | D:3      | 2441 ||| READING scroll labelled YHIKHA RIUCERU.
  2442 | D:3      | 2442 ||| DRINKING 2 silvery potions.
  2465 | D:4      | 2465 ||| PLANNING SEWER
  2473 | D:4      | 2473 ||| INVOKING Spit Poison.
  2477 | D:4      | 2477 ||| INVOKING Spit Poison.
  2589 | D:4      | 2589 ||| INVOKING Spit Poison.
  2644 | D:4      | Noticed a wyvern
  2646 | D:4      | 2646 ||| INVOKING Spit Poison.
  2649 | D:4      | 2649 ||| INVOKING Spit Poison.
  2654 | D:4      | HP: 4/49 [wyvern (13)]
  2655 | D:4      | 2655 ||| INVOKING Spit Poison.
  2656 | D:4      | Mangled by a wyvern

Levels and vault maps discovered:
D:1:      dpeg_arrival_concentric_ovals, layout_loops_corners,
          shapermc_ecumenical_altar_petra, serial_shops, shop,
          serial_park_tiny_1, minmay_tall_x
D:2:      layout_loops_ring, basic_altar, st_stairs_5
D:3:      layout_basic, chequers_temple_overflow_statue_of_worship, uniq_jessica
D:4:      layout_layer_cave, serial_shops, shop, gup_sewer_entry_glass,
          uniq_crazy_yiuf_cottage

Skill      XL: |  1  2  3  4 |
---------------+-------------+-----
Ranged Weapons | 4 5 |  5.5
Fighting       | 3 |  3.0
Dodging        | |  1.5
Stealth        | |  1.5

Action                     |  1- 3 |  4- 6 || total
---------------------------+-------+-------++-------
   Fire: Shortbow          |    50 |    87 ||   137
Ability: Spit Poison       |    28 |    30 ||    58
    Use: Scroll            |     2 |     2 ||     4
         Potion            |     1 |     2 ||     3
 Armour: Leather armour    |     8 |     4 ||    12
  Dodge: Dodged            |    35 |    32 ||    67

Table legend:
 A = Non-vault XP
 B = Vault XP
 C = Vault XP percentage of total XP
 D = Non-vault monster count
 E = Vault monster count
 F = Vault count percentage of total count
                 A         B        C        D         E       F
            +---------+---------+-------+---------+---------+-------
      Total |     159 |      58 |  26.7 |      65 |       7 |   9.7
            +---------+---------+-------+---------+---------+-------
        D:1 |      54 |       6 |  10.0 |      25 |       4 |  13.8
        D:2 |      66 |      15 |  18.5 |      21 |       2 |   8.7
        D:3 |      28 |      37 |  56.9 |      13 |       1 |   7.1
        D:4 |      11 |       0 |   0.0 |       6 |       0 |   0.0
            +---------+---------+-------+---------+---------+-------
